 Dungeon Crawl Stone Soup version 0.28-a0-687-gb91baff9cc (webtiles) character file.

Game seed: 1199939714011710506

14418 pokeman the Eclecticist (level 11, -1/57 HPs)
             Began as a Deep Elf Hedge Wizard on Oct 19, 2021.
             Was a High Priest of Vehumet.
             Slain by a rime drake (2 damage)
             ... in an ice cave.
             The game lasted 00:45:20 (14785 turns).

pokeman the Eclecticist (Deep Elf Hedge Wizard)    Turns: 14785, Time: 00:45:21

Health: -1/57      AC:  9    Str:  7    XL:     11   Next: 88%
Magic:  28/33      EV: 13    Int: 23    God:    Vehumet [*****.]
Gold:   685        SH:  0    Dex: 20    Spells: 26/42 levels left

rFire   . . .      SeeInvis .   P - +7 hand axe of the Turnip {vorpal, rElec}
rCold   . . .      Faith    .   (no shield)
rNeg    + . .      Spirit   .   v - +0 troll leather armour
rPois   .          Reflect  .   c - +0 hat
rElec   +          Harm     .   (no cloak)
rCorr   .          Rampage  .   N - +0 pair of gloves
Will    +....                   V - +2 pair of boots
Stlth   ++........              (no amulet)
HPRegen 1.19/turn               C - ring of positive energy
MPRegen 0.23/turn               J - +6 ring of dexterity

@: frozen, very slightly contaminated, very slow
A: no striking features
a: Renounce Religion


You were in an ice cave.
You worshipped Vehumet.
Vehumet was extremely pleased with you.
You visited 3 branches of the dungeon, and saw 14 of its levels.
You also visited: Ossuary and Ice Cave.

You collected 740 gold pieces.
You spent 55 gold pieces at shops.

Inventory:

Hand Weapons
 f - a +1 whip of venom
 H - a +0 shortbow
 I - the +2 dagger of Okhefec {vorpal, rC+ Dex+3 SInv}
   (You found it on level 6 of the Dungeon)

   It inflicts extra damage upon your enemies.
   Dex:       It affects your dexterity (+3).
   rC:        It protects you from cold.
   SInv:      It lets you see invisible.
 P - the +7 hand axe of the Turnip (weapon) {vorpal, rElec}
   (You found it on level 8 of the Dungeon)

   It inflicts extra damage upon your enemies.
   rElec:     It insulates you from electricity.
Missiles
 d - 265 arrows
 l - 56 bolts
 n - a throwing net
Armour
 c - a +0 hat (worn)
 v - a +0 troll leather armour (worn)
 N - a +0 pair of gloves (worn)
 S - a +0 leather armour of poison resistance
 V - a +2 pair of boots (worn)
Magical Staves
 q - a staff of poison
 y - a staff of earth
Jewellery
 w - a ring of ice
 C - a ring of positive energy (left hand)
 J - a +6 ring of dexterity (right hand)
 M - a ring of poison resistance
 X - a ring of protection from cold
Wands
 r - a wand of iceblast (15)
 E - a wand of mindburst (12)
 K - a wand of digging (5)
 W - a wand of flame (15)
Scrolls
 e - 10 scrolls of identify {unknown}
 i - 4 scrolls of amnesia {unknown}
 k - 3 scrolls of immolation {unknown}
 s - 3 scrolls of blinking {unknown}
 t - 4 scrolls of vulnerability {unknown}
 u - 3 scrolls of holy word {unknown}
 x - 4 scrolls of teleportation {unknown}
 A - a scroll of enchant armour {unknown}
 B - 2 scrolls of fear {unknown}
 D - a scroll of brand weapon {unknown}
 G - a scroll of acquirement {unknown}
 O - 2 scrolls of enchant weapon {unknown}
 U - 2 scrolls of fog {unknown}
Potions
 a - 3 potions of attraction {unknown}
 b - 2 potions of invisibility {unknown}
 g - 6 potions of curing
 h - a potion of mutation {unknown}
 j - 3 potions of might {unknown}
 m - 5 potions of heal wounds
 o - 7 potions of flight {unknown}
 p - 2 potions of magic {unknown}
 z - 3 potions of cancellation {unknown}
 F - 2 potions of haste
 L - a potion of brilliance {unknown}
 Q - 2 potions of degeneration {unknown}
 R - a potion of lignification {unknown}
 T - a potion of resistance {unknown}


   Skills:
 - Level 2.2 Fighting
 - Level 5.0 Armour
 - Level 3.0 Dodging
 - Level 3.2 Stealth
 + Level 3.9 Shields
 * Level 16.2 Spellcasting
 + Level 9.6 Conjurations
 - Level 1.1 Summonings
 - Level 1.1 Translocations
 + Level 8.8 Fire Magic
 - Level 1.1 Air Magic
 - Level 2.1 Earth Magic
 - Level 1.0 Poison Magic
 - Level 1.2 Evocations


You had 26 spell levels left.
You knew the following spells:

 Your Spells              Type           Power      Damage    Failure   Level
a - Magic Dart            Conj           100%       1d8       1%          1
b - Mephitic Cloud        Conj/Pois/Air  36%        N/A       1%          3
c - Call Imp              Summ           23%        N/A       4%          2
d - Blink                 Tloc           N/A        N/A       4%          2
e - Conjure Flame         Conj/Fire      57%        6-21      1%          3
f - Foxfire               Conj/Fire      100%       2x1d9     1%          1
g - Flame Wave            Conj/Fire      57%        3d10      1%          4

Your spell library contained the following spells:

 Spells                   Type           Power      Damage    Failure   Level
 Iskenderun's Battlesphe  Conj           58%        2d11      1%          5
 Sandblast                Erth           56%        2d13      1%          1
 Poisonous Vapours        Pois/Air       46%        N/A       1%          2
 Scorch                   Fire           100%       2d10      1%          2
 Sticky Flame             Conj/Fire      57%        2d7       1%          4
 Beastly Appendage        Tmut           36%        N/A       4%          1
 Passwall                 Tmut/Erth      19%        N/A       4%          2
 Slow                     Hex            18%        N/A       6%          2
 Wereblood                Tmut           18%        N/A       6%          2
 Spider Form              Tmut/Pois      10%        N/A       11%         3
 Conjure Ball Lightning   Conj/Air       21%        3x3d6     17%         6
 Ignition                 Fire           28%        3d9       85%         8
 Summon Cactus Giant      Summ           11%        N/A       99%         6
 Shatter                  Erth           14%        3d14*     100%        9


Dungeon Overview and Level Annotations

Branches:
Dungeon (11/15)            Temple (1/1) D:4            Lair (2/6) D:10
Ossuary (visited)           IceCv (1/1)
  Swamp: Lair:2-4    Shoals: Lair:2-4     Snake: Lair:2-4    Spider: Lair:2-4
    Orc: D:9-12

Altars:
Ashenzari
Cheibriados
Dithmenos
Elyvilon
Fedhas
Hepliaklqana
Kikubaaqudgha
Makhleb
Nemelex Xobeh
Okawaru
Qazlal
Ru
Sif Muna
Trog
Uskayaw
Vehumet
Wu Jian
Yredelemnul
Lugonu

Shops:
D:2 !   D:10 :[

Annotations:
D:10 1 runed translucent door, AttackTheMoon's ghost, journeyman MfGl


Message History

You add the spells Sandblast, Passwall, Conjure Ball Lightning and Shatter to your library.
You now have 666 gold pieces (gained 19).
You see here a +0 great mace of freezing.
You now have 685 gold pieces (gained 19).
Found a helmet.
Found 57 gold pieces.
Casting: Foxfire (safe; 1% risk of failure)
Confirm with . or Enter, or press ? or * to list all spells.
You blink. 2 rime drakes, an ice dragon and 3 simulacra come into view.
Found five items.
Unknown command.
Press: ? - help, v - describe, . - travel
Here: an ice dragon (asleep)
The floor.
Unknown command.
Unknown command.
The ice dragon roars deafeningly!
The rime drake hisses angrily.
Okay, then.
Unknown command.
Unknown command.
Casting: Blink (safe; 4% risk of failure)
Confirm with . or Enter, or press ? or * to list all spells.
You blink.
An acid dragon simulacrum comes into view.
Found 143 gold pieces.
The rime drake breathes ice at you. The flash freeze hits you!!
You are encased in ice.
The ice dragon breathes frost at you. The blast of cold hits you!!
* * * LOW HITPOINT WARNING * * *
Casting: Blink (safe; 4% risk of failure)
Confirm with . or Enter, or press ? or * to list all spells.
You miscast Blink.
You are very lightly contaminated with residual magic.
Nothing appears to happen.
The rime drake bites you.
* * * LOW HITPOINT WARNING * * *
The rime drake bites you.
You die...

######## ##$#.§≈≈#
#.$[.#≈≈≈#
##=$[#≈≈≈≈#########
#.@$=##≈≈≈....##...
#kDk$##≈≈≈#..##..#.
#ZZZ...##≈###.#..##.
#....[$#### #...####
#....$$# ##.## #
....$$$# ### #
#Z.#.$$.# #
#.##$$$.# # #


You could see an ice dragon (catching breath), 2 rime drakes, 2 lindwurm
simulacra, a steam dragon simulacrum and an acid dragon simulacrum.

Vanquished Creatures
  Harold (D:7)
  A hydra (D:6)
  A two-headed ogre (D:10)
  The ghost of scottley the Slasher, a novice TrGl (D:5)
  2 ice statues (IceCv)
  A cane toad (Lair:1)
  2 rime drakes (IceCv)
  An unseen horror (D:5)
  A freezing wraith (D:10)
  2 trolls
  The ghost of freelancePsychic the Grave Robber, an amateur DENe (D:6)
  Sigmund (D:3)
  2 shadows
  10 yaks
  4 fire bats (Lair:1)
  3 vampire mosquitoes (D:9)
  A death yak simulacrum (Lair:2)
  A swamp worm (D:9)
  3 water moccasins
  Duvessa (D:7)
  An acid dragon (D:11)
  7 orc warriors
  A black bear (D:7)
  2 ogres
  A necrophage (D:6)
  3 centaurs
  9 wolves
  A phantom (D:2)
  2 kobold brigands
  A gnoll sergeant (D:6)
  5 bullfrogs
  3 scorpions
  A water moccasin zombie (D:6)
  Dowan (D:7)
  A water moccasin skeleton (D:7)
  4 killer bees (D:10)
  An elephant simulacrum (Lair:2)
  A lindwurm simulacrum (IceCv)
  15 wights
  4 howler monkeys
  3 centaur zombies
  6 komodo dragon simulacra (IceCv)
  3 quasits (D:5)
  A jelly (D:4)
  2 hounds
  2 gnoll shamans
  7 orc priests
  A bullfrog skeleton (D:6)
  Jessica (D:3)
  2 iguanas
  15 orc wizards
  A killer bee zombie (D:8)
  A wolf simulacrum (Lair:2)
  A polar bear simulacrum (Lair:2)
  3 hound zombies (Ossuary)
  4 mummies (Ossuary)
  2 howler monkey zombies
  5 acid dragon simulacra (IceCv)
  14 gnolls
  2 howler monkey skeletons
  5 adders
  A shadow imp (D:7)
  3 white imps
  2 steam dragon simulacra (IceCv)
  An ufetubus (D:7)
  An adder zombie (Ossuary)
  3 worms
  2 dart slugs (D:1)
  43 orcs
  6 endoplasms
  4 giant cockroaches
  A gnoll zombie (Ossuary)
  5 goblins
  6 hobgoblins
  4 jackals (D:4)
  A quokka (D:2)
  7 ball pythons
  4 bats
  A frilled lizard (D:2)
  2 hobgoblin zombies (Ossuary)
  4 jackal zombies (Ossuary)
  9 kobolds
  An orc zombie (Ossuary)
  A quokka skeleton (D:4)
  3 rats
  4 bushes (Lair:1)
304 creatures vanquished.

Vanquished Creatures (collateral kills)
  An orc priest (D:3)
  2 gnolls (D:6)
  An orc (D:3)
  3 foxfires
7 creatures vanquished.

Vanquished Creatures (others)
  A lava snake (Lair:1)
  386 foxfires
  A fungus (Lair:2)
  15 plants
  2 withered plants (D:10)
405 creatures vanquished.

Grand Total: 716 creatures vanquished

Notes
Turn   | Place    | Note
-------+----------+-------------------------------------------
     0 | D:1      | pokeman the Deep Elf Hedge Wizard began the quest for the
                  | Orb.
     0 | D:1      | Reached XP level 1. HP: 10/10 MP: 7/7
   258 | D:1      | Reached XP level 2. HP: 16/16 MP: 2/9
   900 | D:1      | Reached skill level 5 in Spellcasting
  1356 | D:2      | Reached XP level 3. HP: 20/20 MP: 8/11
  1360 | D:2      | Learned a level 3 spell: Mephitic Cloud
  1363 | D:2      | Learned a level 2 spell: Call Imp
  1366 | D:2      | Learned a level 2 spell: Blink
  1370 | D:2      | Learned a level 3 spell: Conjure Flame
  1458 | D:2      | Reached skill level 1 in Fighting
  1458 | D:2      | Reached skill level 1 in Armour
  1583 | D:2      | Found Quoshidgh's Distillery.
  1625 | D:2      | Bought a potion of heal wounds for 55 gold pieces
  2213 | D:2      | Reached XP level 4. HP: 10/25 MP: 2/13
  2638 | D:3      | Noticed Jessica
  2657 | D:3      | Killed Jessica
  3093 | D:3      | Reached skill level 1 in Shields
  3093 | D:3      | Reached skill level 6 in Spellcasting
  3093 | D:3      | Reached XP level 5. HP: 22/29 MP: 4/15
  3886 | D:3      | Noticed a phantom
  3945 | D:3      | Found a broken altar of Ashenzari.
  4020 | D:3      | Noticed Sigmund
  4241 | D:2      | Killed a phantom
  4242 | D:2      | Reached skill level 1 in Fire Magic
  4242 | D:2      | Reached XP level 6. HP: 14/34 MP: 1/17
  4622 | D:3      | Killed Sigmund
  4623 | D:3      | Reached skill level 7 in Spellcasting
  4623 | D:3      | Reached skill level 1 in Air Magic
  4623 | D:3      | Reached skill level 1 in Evocations
  5002 | D:4      | Found a hazy altar of Hepliaklqana.
  5003 | D:4      | Found a shadowy altar of Dithmenos.
  5003 | D:4      | Noticed a shadow
  5099 | D:4      | Found a staircase to the Ecumenical Temple.
  5107 | Temple   | Entered the Ecumenical Temple
  5122 | Temple   | Became a worshipper of Vehumet
  5156 | D:4      | Reached XP level 7. HP: 23/38 MP: 8/20
  5526 | D:4      | Reached skill level 1 in Poison Magic
  5552 | D:4      | Reached skill level 8 in Spellcasting
  5900 | D:5      | Entered Level 5 of the Dungeon
  6120 | D:5      | Noticed a troll
  6138 | D:5      | Killed a troll
  6165 | D:5      | Reached XP level 8. HP: 27/44 MP: 11/22
  6339 | D:5      | Killed an unseen horror
  6340 | D:5      | Reached skill level 9 in Spellcasting
  6530 | D:5      | Reached skill level 5 in Conjurations
  6660 | D:5      | Learned a level 4 spell: Flame Wave
  6675 | D:5      | Found a transporter.
  6678 | D:5      | Noticed scottley's ghost (novice TrGl)
  6821 | D:5      | Found a transporter.
  7076 | D:6      | Found a runed translucent door.
  7083 | D:6      | Noticed freelancePsychic's ghost (amateur DENe)
  7127 | D:6      | Reached * piety under Vehumet
  7127 | D:6      | Offered knowledge of Freeze by Vehumet.
  7128 | D:6      | Reached skill level 10 in Spellcasting
  7875 | D:6      | Reached XP level 9. HP: 38/48 MP: 22/25
  8245 | D:6      | Reached skill level 11 in Spellcasting
  8394 | D:6      | Noticed a six-headed hydra
  8409 | D:6      | Killed a six-headed hydra
  8410 | D:6      | Reached skill level 5 in Fire Magic
  8715 | D:6      | Killed freelancePsychic's ghost
  8750 | D:6      | Identified the +2 dagger of Okhefec {vorpal, rC+ Dex+3
                  | SInv}
  8826 | D:5      | Killed scottley's ghost
  8827 | D:5      | Reached skill level 12 in Spellcasting
  8982 | D:7      | Noticed Duvessa
  8982 | D:7      | Noticed Dowan
  8985 | D:7      | Killed Dowan
  8987 | D:7      | Killed Duvessa
  9003 | D:7      | Reached ** piety under Vehumet
  9136 | D:7      | Reached XP level 10. HP: 53/53 MP: 18/28
  9144 | D:7      | Offered knowledge of Foxfire by Vehumet.
  9147 | D:7      | Learned a level 1 spell: Foxfire
  9378 | D:7      | Noticed Harold
  9396 | D:7      | Killed Harold
  9397 | D:7      | Reached skill level 13 in Spellcasting
 10235 | D:8      | Identified the +7 hand axe of the Turnip {vorpal, rElec}
 10355 | D:8      | Found a sand-covered staircase.
 10364 | Ossuary  | Entered an ossuary
 10369 | Ossuary  | Offered knowledge of Dazzling Flash by Vehumet.
 10373 | Ossuary  | Reached *** piety under Vehumet
 10674 | D:8      | Offered knowledge of Olgreb's Toxic Radiance by Vehumet.
 10675 | D:8      | Reached skill level 5 in Armour
 10817 | D:8      | Found a snail-covered altar of Cheibriados.
 11052 | D:8      | Reached skill level 14 in Spellcasting
 11640 | D:9      | Got the Guide on Nocuous Fire
 12074 | D:10     | Entered Level 10 of the Dungeon
 12146 | D:10     | Found Uchucez's Book Boutique.
 12263 | D:10     | Found a staircase to the Lair.
 12277 | D:10     | Reached **** piety under Vehumet
 12278 | D:10     | Reached XP level 11. HP: 52/57 MP: 31/31
 12340 | D:10     | Found Seegaitu's Armour Shoppe.
 12447 | D:10     | Found a runed translucent door.
 12455 | D:10     | Noticed AttackTheMoon's ghost (journeyman MfGl)
 12570 | D:10     | Found a burning altar of Makhleb.
 12573 | D:10     | Found a shimmering blue altar of Sif Muna.
 12575 | D:10     | Found a blossoming altar of Fedhas.
 12577 | D:10     | Found a hide-covered altar of Uskayaw.
 12577 | D:10     | Found a white marble altar of Elyvilon.
 12577 | D:10     | Found a stormy altar of Qazlal.
 12577 | D:10     | Found a sacrificial altar of Ru.
 12580 | D:10     | Found a basalt altar of Yredelemnul.
 12583 | D:10     | Found a sparkling altar of Nemelex Xobeh.
 12610 | D:10     | Offered knowledge of Airstrike by Vehumet.
 12656 | D:10     | Reached skill level 15 in Spellcasting
 12660 | D:10     | Noticed a two-headed ogre
 12690 | D:10     | Killed a two-headed ogre
 13258 | D:11     | Noticed a boulder beetle
 13412 | D:11     | Noticed a five-headed hydra
 13458 | D:11     | Noticed a boulder beetle
 13473 | Lair:1   | Entered Level 1 of the Lair of Beasts
 14461 | Lair:2   | Found a frozen archway.
 14470 | Lair:2   | Reached skill level 1 in Earth Magic
 14475 | IceCv    | Entered an ice cave
 14544 | IceCv    | Reached skill level 16 in Spellcasting
 14610 | IceCv    | Reached ***** piety under Vehumet
 14619 | IceCv    | Offered knowledge of Iskenderun's Battlesphere by Vehumet.
 14754 | IceCv    | Got Sif Muna's Compendium of Earth and the Birds
 14782 | IceCv    | Noticed an ice dragon
 14785 | IceCv    | HP: 1/57 [rime drake (3)]
 14785 | IceCv    | Slain by a rime drake

Illustrated notes

Levels and vault maps discovered:
D:1:      psy_arrival_heroes, layout_basic
D:2:      layout_rooms, serial_shops, shop, fountainhead,
          hangedman_decor_opposing
D:3:      layout_basic, mainiacjoe_overflow_alcove_1, uniq_sigmund, uniq_jessica
D:4:      layout_gridville, riverfiend_overflow_shadow_ancestor,
          minmay_temple_entry_glassed_door
D:5:      wander_river, layout_basic, gammafunk_ghost_stat_death
D:6:      layout_loops_ring, ebering_ghost_reflecting_pool, minivault_10,
          grunt_ministairs_8, serial_bayou_crossing
D:7:      layout_loops_ring, serial_glass, glass_columns_b, glass_columns_b,
          uniq_harold, uniq_duvessa
D:8:      layout_basic, slow_altar_2, enter_ossuary_1, uniq_grum
D:9:      layout_long_grid, grunt_ministairs_6, worms_lemuel
D:10:     layout_long_grid, minitemple, lair_entry_dummy, gammafunk_ghost_grave,
          serial_shops, shop, kennysheep_mini_moat
D:11:     minmay_the_grid_square_5x5_5x5_mashed
          [minmay_the_grid_square_5x5_inset, minmay_the_grid_square_5x5_corner,
          minmay_the_grid_square_5x5_minivault,
          minmay_the_grid_square_5x5_fat_x,
          minmay_the_grid_square_5x5_tetrominoes,
          minmay_the_grid_square_5x5_two_small,
          minmay_the_grid_square_5x5_prize_rear_guard,
          minmay_the_grid_square_5x5_six_small,
          minmay_the_grid_square_5x5_prize_itemx,
          minmay_the_grid_square_5x5_trominoes,
          minmay_the_grid_square_5x5_checkered_sparse,
          minmay_the_grid_square_5x5_minimal,
          minmay_the_grid_square_5x5_prize_open,
          minmay_the_grid_square_5x5_bridge,
          minmay_the_grid_square_5x5_spiral_small,
          minmay_the_grid_square_5x5_plus,
          minmay_the_grid_square_5x5_prize_waves,
          minmay_the_grid_square_5x5_n_small,
          minmay_the_grid_square_5x5_prize_pseudospiral,
          minmay_the_grid_square_5x5_inverted_slash,
          minmay_the_grid_square_5x5_shuriken, minmay_the_grid_square_5x5_six,
          minmay_the_grid_square_5x5_tri_point,
          minmay_the_grid_square_5x5_inner_z,
          minmay_the_grid_square_5x5_moneybag], layout_irregular_city,
          hiddenorc2_lemuel, fedhas_altar_3
Temple:   corrupted_temple
Lair:1:   layout_gridlike, serial_forest, infiniplex_forest_corner_1,
          infiniplex_forest_clump_cross, infiniplex_forest_straight_2,
          infiniplex_forest_straight_2, infiniplex_forest_straight_5,
          infiniplex_forest_lined_room_, infiniplex_forest_corner_2,
          infiniplex_forest_straight_3, infiniplex_forest_lined_room_3
Lair:2:   layout_cave_pods, portal_ice_cave_entry_ice_simulacra,
          gammafunk_ghost_wrathful_warriors, grunt_forest_stairs_clearing
IceCv:    ice_cave_small_dragons

Skill      XL: |  1  2  3  4  5  6  7  8  9 10 11 |
---------------+----------------------------------+-----
Spellcasting   | 5 6 7 8 10 12 14 16 | 16.2
Fighting       | 1 2 |  2.2
Armour         | 1 2 4 5 |  5.0
Conjurations   | 2 3 4 5 7 8 9 |  9.6
Dodging        | 3 |  3.0
Shields        | 1 2 3 |  3.9
Stealth        | 3 |  3.2
Fire Magic     | 1 2 4 6 7 8 |  8.8
Air Magic      | 1 |  1.1
Evocations     | 1 |  1.2
Poison Magic   | 1 |  1.0
Earth Magic    | 2 |  2.1
Summonings     | |  1.1
Translocations | |  1.1

Action                   |  1- 3 |  4- 6 |  7- 9 | 10-12 || total
-------------------------+-------+-------+-------+-------++-------
Melee: Dagger            |     3 |     5 |       |       ||     8
       Staff             |       |    25 |    66 |    10 ||   101
       Hand axe          |       |       |       |    62 ||    62
 Cast: Magic Dart        |    85 |    82 |   176 |    31 ||   374
       Mephitic Cloud    |     3 |    12 |    23 |    26 ||    64
       Conjure Flame     |     2 |    12 |    16 |    28 ||    58
       Call Imp          |       |     4 |     4 |     3 ||    11
       Blink             |       |     1 |     1 |     4 ||     6
       Flame Wave        |       |       |     9 |    28 ||    37
       Foxfire           |       |       |       |   212 ||   212
 Stab: Confused          |     1 |     3 |     6 |     5 ||    15
Armor: Robe              |     1 |     5 |       |       ||     6
       Leather armour    |       |     7 |    10 |       ||    17
       Troll leather arm |       |       |    37 |    32 ||    69
Dodge: Dodged            |     4 |    30 |   131 |    80 ||   245

Table legend: (Time is in decaauts)
 A = Elapsed time spent in this place.
 B = Non-inter-level travel time spent in this place.
 C = Inter-level travel time spent in this place.
 D = Time resting spent in this place.
 E = Time spent auto-exploring this place.
 F = Levels seen in this place.
 G = Mean time per level.
                   A        B        C        D        E       F      G
               +--------+--------+--------+--------+--------+-----+--------+
         Total |  14876 |  13885 |    991 |   1724 |   9342 |  16 |  929.8 |
       Dungeon |  13592 |  12663 |    929 |   1684 |   8460 |  11 | 1235.6 |
        Temple |     35 |     18 |     17 |      0 |      5 |   1 |   35.0 |
          Lair |    778 |    734 |     44 |      0 |    592 |   2 |  389.0 |
       Ossuary |    159 |    159 |      0 |      0 |    124 |   1 |  159.0 |
      Ice Cave |    310 |    310 |      0 |     40 |    161 |   1 |  310.0 |
               +--------+--------+--------+--------+--------+-----+--------+

Top non-repeatable levels by time:
     D:3: 1990 daAuts
     D:6: 1939 daAuts
     D:2: 1579 daAuts
     D:1: 1468 daAuts
     D:5: 1353 daAuts
    D:10: 1328 daAuts
     D:7: 1006 daAuts
     D:8: 991 daAuts
     D:9: 929 daAuts
     D:4: 910 daAuts
  Lair:1: 764 daAuts
   IceCv: 310 daAuts
 Ossuary: 159 daAuts
    D:11: 93 daAuts
  Temple: 35 daAuts
